 Dungeon Crawl Stone Soup version 0.27.0-1-g7a089689b8 (webtiles) character file.

Game seed: 12291866191148074018

192038 SnakkuSnakku7 the Warrior (level 17, -7/166 HPs)
             Began as a Red Draconian Arcane Marksman on Aug 7, 2021.
             Was an Initiate of Gozag.
             Mangled by a redback (8 damage)
             ... on level 1 of the Spider Nest.
             The game lasted 01:07:28 (27746 turns).

SnakkuSnakku7 the Warrior (DrAM)                   Turns: 27746, Time: 01:07:28

Health: -7/166     AC: 18    Str: 15    XL:     17   Next: 59%
Magic:  18/18      EV: 22    Int: 14    God:    Gozag
Gold:   6328       SH:  0    Dex: 18    Spells: 18/18 levels left

rFire    + . .     SeeInvis .   a - +9 lajatang (vamp)
rCold    . . .     Faith    .   (shield currently unavailable)
rNeg     + . .     Spirit   .   (armour unavailable)
rPois    +         Reflect  .   (helmet restricted)
rElec    .         Harm     .   R - +2 ratskin cloak {*Rats rPois rN+ Str-1 Int-1 Dex+1}
rCorr    .         Rampage  .   S - +2 pair of gloves {Str+3}
Will     ++...                  O - +2 pair of boots
Stlth    ++........             f - amulet of regeneration
HPRegen  1.37/turn              A - +4 ring of slaying
MPRegen  0.16/turn              M - ring of willpower

@: lethally poisoned (-7 -> -26)
A: breathe fire, AC +9, unfitting armour, fire resistance 1, cold-blooded
}: 1/15 runes: decaying
a: Breathe Fire, Renounce Religion, Potion Petition, Call Merchant, Bribe Branch


You were on level 1 of the Spider Nest.
You worshipped Gozag.
Gozag was greatly pleased with you.
You visited 6 branches of the dungeon, and saw 29 of its levels.
You also visited: Sewer and Gauntlet.

You collected 10622 gold pieces.
You spent 469 gold pieces at shops.
You paid 3825 gold pieces to Gozag.

Inventory:

Hand Weapons
 a - a +9 vampiric lajatang (weapon)
 b - a +3 lajatang of speed
Missiles
 K - 3 throwing nets (quivered)
Armour
 O - a +2 pair of boots (worn)
 R - the +2 ratskin cloak (worn) {*Rats rPois rN+ Str-1 Int-1 Dex+1}
   (You found it in a Gauntlet)

   When the wearer is hurt, rats may emerge from it to assist them.
   Str:       It affects your strength (-1).
   Int:       It affects your intelligence (-1).
   Dex:       It affects your dexterity (+1).
   rPois:     It protects you from poison.
   rN:        It protects you from negative energy.
 S - a +2 pair of gloves of strength (worn)
Jewellery
 f - an amulet of regeneration (around neck)
 y - a ring of see invisible
 A - a +4 ring of slaying (left hand)
 M - a ring of willpower (right hand)
 Q - a +4 ring of evasion
 Z - a ring of protection from cold
Wands
 l - a wand of acid (56)
 E - a wand of digging (3)
 J - a wand of iceblast (14)
 P - a wand of paralysis (23)
 U - a wand of mindburst (35)
Scrolls
 c - 3 scrolls of enchant armour
 g - 2 scrolls of immolation
 k - 7 scrolls of fear
 o - 12 scrolls of teleportation
 q - a scroll of blinking
 x - 3 scrolls of fog
 I - 3 scrolls of magic mapping
 L - a scroll of holy word
 N - a scroll of silence
 T - a scroll of summoning
Potions
 d - 4 potions of brilliance
 e - 15 potions of curing
 h - 2 potions of berserk rage
 j - 8 potions of magic
 m - a potion of ambrosia
 n - 2 potions of flight
 r - a potion of experience
 s - 4 potions of cancellation
 t - 4 potions of might
 u - 11 potions of haste {unknown}
 v - 9 potions of heal wounds
 w - 3 potions of resistance
 z - 4 potions of mutation
 B - 3 potions of attraction
 Y - 3 potions of lignification
Miscellaneous
 i - a phantom mirror
 D - a phial of floods
 V - a tin of tremorstones (inert)


   Skills:
 + Level 18.8 Fighting
 - Level 15.3(16.3) Maces & Flails
 - Level 10.3(14.0) Staves
 - Level 3.0 Throwing
 - Level 15.0 Dodging
 - Level 1.0 Spellcasting
 - Level 2.6 Hexes
 - Level 10.0 Evocations


You had 18 spell levels left.
You didn't know any spells.
Your spell library contained the following spells:

 Spells                   Type           Power      Damage    Failure   Level
 Corona                   Hex            8%         N/A       9%          1
 Slow                     Hex            8%         N/A       13%         2
 Ensorcelled Hibernation  Hex/Ice        8%         N/A       22%         2
 Apportation              Tloc           0%         N/A       26%         1
 Beastly Appendage        Tmut           0%         N/A       26%         1
 Foxfire                  Conj/Fire      0%         2x1d4     26%         1
 Freeze                   Ice            0%         1d3       26%         1
 Magic Dart               Conj           0%         1d3       26%         1
 Tukima's Dance           Hex            8%         N/A       26%         3
 Call Imp                 Summ           0%         N/A       36%         2
 Corpse Rot               Necr/Air       N/A        N/A       36%         2
 Static Discharge         Conj/Air       0%         N/A       36%         2
 Wereblood                Tmut           0%         N/A       36%         2
 Inner Flame              Hex/Fire       4%         N/A       41%         3
 Portal Projectile        Hex/Tloc       8%         N/A       41%         3
 Conjure Flame            Conj/Fire      0%         6-21      61%         3
 Frozen Ramparts          Ice            0%         1d2       61%         3
 Ignite Poison            Fire/Tmut/Pois 0%         N/A       61%         3
 Mephitic Cloud           Conj/Pois/Air  0%         N/A       61%         3
 Ozocubu's Armour         Ice            0%         N/A       61%         3
 Spider Form              Tmut/Pois      0%         N/A       61%         3
 Stone Arrow              Conj/Erth      0%         3d7       61%         3
 Cause Fear               Hex            4%         N/A       65%         4
 Animate Dead             Necr           0%         N/A       95%         4
 Dispel Undead            Necr           0%         3d6       95%         4
 Ice Form                 Ice/Tmut       0%         N/A       95%         4
 Passage of Golubria      Tloc           N/A        N/A       95%         4
 Sticky Flame             Conj/Fire      0%         2d3       95%         4
 Summon Ice Beast         Ice/Summ       0%         N/A       95%         4
 Yara's Violent Unravell  Hex/Tmut       2%         3d3       99%         5
 Alistair's Intoxication  Tmut/Pois      0%         N/A       100%        5
 Bolt of Magma            Conj/Fire/Erth 0%         4d4       100%        5
 Borgnjor's Vile Clutch   Necr/Erth      0%         N/A       100%        5
 Iskenderun's Battlesphe  Conj           0%         2d6       100%        5
 Summon Forest            Summ/Tloc      0%         N/A       100%        5
 Death Channel            Necr           0%         N/A       100%        6
 Eringya's Noxious Bog    Tmut/Pois      0%         N/A       100%        6
 Invisibility             Hex            4%         N/A       100%        6
 Iron Shot                Conj/Erth      0%         9d1       100%        6
 Spellforged Servitor     Conj/Summ      0%         N/A       100%        7
 Summon Hydra             Summ           0%         N/A       100%        7
 Shatter                  Erth           0%         3d5*      100%        9


Dungeon Overview and Level Annotations

Branches:
Dungeon (15/15)            Temple (1/1) D:7            Lair (6/6) D:8
  Swamp (4/4) Lair:4       Spider (1/4) Lair:2        Slime (0/5) Lair:6
    Orc (2/2) D:9             Elf (0/3) Orc:2        Vaults (0/5) D:14
 Depths (0/5) D:15          Sewer (visited)         Gauntlet (visited)

Altars:
Ashenzari
Cheibriados
Dithmenos
Elyvilon
Fedhas
Gozag
Hepliaklqana
Kikubaaqudgha
Makhleb
Nemelex Xobeh
Okawaru
Qazlal
Ru
Sif Muna
Trog
Uskayaw
Vehumet
Wu Jian
Xom
Yredelemnul
Zin
The Shining One
Beogh

Shops:
Orc:1 (   Orc:2 *:[(

Annotations:
D:13 3 runed translucent doors, Ahonude's ghost, journeyman TrMo
Lair:6 exclusion: 3 oklob plants
Spider:1 Frances


Innate Abilities, Weirdness & Mutations

You can breathe blasts of fire.
Your fiery red scales are hard. (AC +9)
You cannot fit into any form of body armour.
Your flesh is heat resistant. (rF+)
You are cold-blooded and may be slowed by cold attacks.


Message History

The orb spider is no longer distracted by gold.
The redback is no longer distracted by gold.
The jumping spider is no longer distracted by gold.
The redback is no longer distracted by gold. x2
Frances says, "There is a strange beauty in the demonic, don't you think?"
Frances completely misses you. The redback bites you!
The jumping spider leaps! x2
The redback bites you!
* * * LOW HITPOINT WARNING * * *
Unknown command.
You hit Frances but do no damage.
Your tail-slap misses Frances.
Frances is almost dead.
The orb spider is no longer distracted by gold.
The redback is no longer covered in acid.
Frances completely misses you.
The redback bites you but does no damage.
The jumping spider leaps!
The redback misses you.
Frances whispers indecipherable words.
The iron shot hits you!!!
* * * LOW HITPOINT WARNING * * *
[a] - 420 gold - resistance, curing and magic [b] - 648 gold - resistance, might and haste [c] - 286 gold - curing and magic Purchase which effect?
You feel better. Magic courses through your body.
The jumping spider is no longer distracted by gold.
The redback closely misses you. The redback bites you!
* * * LOW HITPOINT WARNING * * *
You are lethally poisoned!
The redback poisons you! Frances barely misses you.
You feel much better.
* * * LOW HITPOINT WARNING * * *
You feel extremely sick.
The redback bites you but does no damage.
The meliai invokes the aid of its god against you.
Something smites you!
* * * LOW HITPOINT WARNING * * *
Frances completely misses you. The wolf spider closely misses you.
The wolf spider completely misses you. The redback bites you!
You die...
Your body crumbles into a pile of gold.

$ s○### ...#. #
...... .. ..$$°.
### ...
.....$##.## ...#
.....°ssss###."..#
.......ss##@s4s..#
......ysss@ss4....
.......ys###s4....
.......s.# s$...
....#...## ....
... ##### ... ..
.. . .


You could see Frances (fast), a demonic crawler, a wolf spider, 2 hellwings, 3
orb spiders, 4 jumping spiders, a red devil (summoned), 6 redbacks, a meliai and
a killer bee.

Vanquished Creatures
  A tentacled monstrosity (Swamp:3)
  Kirke (Swamp:1)
  Agnes (D:14)
  A thorn hunter (Swamp:4)
  A fenstrider witch (Swamp:3)
  An orc warlord (Orc:2)
  3 ghouls (Swamp:3)
  A dire elephant (D:15)
  The ghost of sasquatch the Arsonist, a journeyman DgFE (Lair:5)
  A minotaur (Gauntlet)
  3 bunyips
  7 eleionomae
  Snorg (Lair:6)
  3 vault guards (D:14)
  Fannar (D:12)
  Erolcha (D:12)
  2 boulder beetles
  29 hydras
  3 ghost crabs
  5 centaur warriors
  A merfolk avatar (Lair:6)
  11 alligators
  4 two-headed ogres
  8 death yaks (Lair:5)
  5 tengu warriors
  2 death scarabs (Gauntlet)
  Urug (D:9)
  2 orc high priests (Orc:2)
  6 goliath frogs
  4 skeletal warriors (D:14)
  A sea snake (Lair:5)
  16 swamp dragons
  4 orc knights
  2 spectral hydras (Gauntlet)
  6 bog bodies
  2 spriggan druids (Swamp:4)
  3 lindwurms (Swamp:4)
  13 ugly things
  2 deep elf pyromancers
  6 wolf spiders
  2 oklob plants
  A salamander (D:15)
  6 spectral spriggans (Swamp:3)
  5 orc sorcerers
  5 cyclopes
  5 manticores
  6 will-o-the-wisps
  26 elephants
  3 centaur zombies
  4 black mambas
  A torpor snail (Lair:5)
  7 cane toads
  3 unseen horrors
  7 rime drakes
  4 yaktaurs (D:14)
  10 komodo dragons
  2 tengu conjurers (D:15)
  2 freezing wraiths (Swamp:3)
  4 trolls
  2 jumping spiders (Spider:1)
  A polar bear (Lair:6)
  2 meliai (Spider:1)
  2 bloated husks (Swamp:3)
  6 tyrant leeches
  4 wind drakes (Lair:6)
  11 hornets
  A polar bear (shapeshifter) (D:15)
  36 blink frogs
  Prince Ribbit (D:5)
  Grinder (D:6)
  8 slime creatures
  A spectral black mamba (Gauntlet)
  A snapping turtle (Lair:6)
  2 vampires
  2 shadows
  2 tarantellas (Spider:1)
  7 wyverns
  2 wraiths (D:11)
  38 yaks
  11 redbacks (Spider:1)
  12 spriggans
  Eustachio (D:4)
  Sigmund (D:3)
  2 steam dragons
  A spectral komodo dragon (Gauntlet)
  Menkaure (D:4)
  A basilisk (D:11)
  6 vampire mosquitoes
  4 acid dragons
  16 swamp worms
  8 wargs
  Duvessa (D:6)
  11 water moccasins
  6 swamp drakes
  26 orc warriors
  4 ogres
  A black bear (shapeshifter) (D:15)
  A black bear (D:5)
  A necrophage (D:6)
  3 wolves (Lair:4)
  14 centaurs
  A phantom (D:3)
  Blork the orc (Orc:2)
  22 bullfrogs
  2 kobold brigands
  6 scorpions
  Dowan (D:6)
  A water moccasin zombie (D:7)
  A water moccasin skeleton (D:5)
  9 killer bees
  4 wights (D:9)
  11 howler monkeys
  2 electric eels
  A gnoll shaman (D:6)
  2 jellies (D:6)
  11 orc priests
  Crazy Yiuf (D:7)
  3 bullfrog skeletons
  2 centaur skeletons
  3 iguanas
  27 orc wizards
  2 scorpion zombies
  6 hell rats
  A killer bee zombie (D:8)
  3 howler monkey zombies
  Robin (D:4)
  2 howler monkey skeletons
  5 gnolls (D:6)
  9 adders
  4 river rats
  A shadow imp (D:6)
  A worm (D:5)
  3 dart slugs
  54 orcs
  17 ball pythons
  4 bats
  10 endoplasms
  7 giant cockroaches
  10 goblins
  13 hobgoblins
  10 jackals (D:2)
  6 frilled lizards
  11 kobolds
  30 rats
  A briar patch (Swamp:4)
853 creatures vanquished.

Vanquished Creatures (collateral kills)
  A bunyip (Swamp:3)
  A vault guard (D:14)
  An alligator (Swamp:3)
  A spriggan (Swamp:3)
  A goliath frog (Swamp:3)
  A troll (D:13)
  A bloated husk (Swamp:3)
  A jumping spider (Spider:1)
  A hornet (Swamp:3)
  A wolf (Lair:4)
10 creatures vanquished.

Vanquished Creatures (others)
  A bog body (Swamp:3)
  A will-o-the-wisp (Swamp:3)
  4 bloated husks
  2 swamp worms
  An orc (Orc:1)
  A bush (Lair:1)
  55 foxfires
  28 fungi
  70 plants
  14 toadstools (Lair:2)
177 creatures vanquished.

Grand Total: 1040 creatures vanquished

Notes
Turn   | Place    | Note
-------+----------+-------------------------------------------
     0 | D:1      | SnakkuSnakku7 the Draconian Arcane Marksman began the quest
                  | for the Orb.
     0 | D:1      | Reached XP level 1. HP: 16/16 MP: 2/2
   423 | D:1      | Reached XP level 2. HP: 23/23 MP: 3/3
   432 | D:1      | Found a faded altar of an unknown god.
   811 | D:2      | Reached XP level 3. HP: 29/29 MP: 4/4
   837 | D:2      | Reached skill level 2 in Fighting
  1031 | D:2      | Reached skill level 3 in Fighting
  1250 | D:2      | Found a shadowy altar of Dithmenos.
  1439 | D:3      | Reached XP level 4. HP: 34/39 MP: 5/5
  1513 | D:3      | Noticed Sigmund
  1548 | D:3      | Killed Sigmund
  1549 | D:3      | Reached XP level 5. HP: 30/45 MP: 6/6
  1594 | D:3      | Noticed a phantom
  1595 | D:3      | Found an iron altar of Okawaru.
  1630 | D:3      | Killed a phantom
  1631 | D:3      | Reached XP level 6. HP: 37/51 MP: 7/7
  1825 | D:3      | Found a glowing drain.
  1840 | Sewer    | Entered a sewer
  2006 | Sewer    | Reached skill level 5 in Evocations
  2151 | Sewer    | Your scales start taking on a fiery red colour.
  2151 | Sewer    | Reached XP level 7. HP: 41/58 MP: 8/8
  2151 | Sewer    | Gained mutation: Your flesh is heat resistant. (rF+) [Red
                  | Draconian growth]
  2298 | D:3      | Reached skill level 4 in Fighting
  2778 | D:4      | Noticed Robin
  2797 | D:4      | Noticed Eustachio
  2833 | D:4      | Killed Eustachio
  2834 | D:4      | Reached skill level 5 in Fighting
  2843 | D:4      | Killed Robin
  2926 | D:4      | Reached skill level 6 in Fighting
  2983 | D:4      | Reached skill level 7 in Fighting
  2983 | D:4      | Reached XP level 8. HP: 23/73 MP: 9/9
  3161 | D:4      | Noticed Menkaure
  3171 | D:4      | Killed Menkaure
  3172 | D:4      | Reached skill level 8 in Fighting
  3261 | D:4      | Found a bloodstained altar of Trog.
  3490 | D:5      | Entered Level 5 of the Dungeon
  3700 | D:5      | Found a stormy altar of Qazlal.
  3743 | D:5      | Reached skill level 5 in Dodging
  3765 | D:5      | Found a shimmering blue altar of Sif Muna.
  3821 | D:5      | Became a worshipper of Sif Muna the Loreminder
  3822 | D:5      | Fell from the grace of Sif Muna
  3934 | D:5      | Noticed Prince Ribbit
  3942 | D:5      | Killed Prince Ribbit
  3943 | D:5      | Reached XP level 9. HP: 77/81 MP: 10/10
  4118 | D:6      | Noticed Grinder
  4119 | D:6      | Noticed Duvessa
  4119 | D:6      | Noticed Dowan
  4131 | D:6      | Killed Grinder
  4155 | D:6      | Killed Duvessa
  4162 | D:6      | Killed Dowan
  4191 | D:6      | Found a white marble altar of Elyvilon.
  4274 | D:6      | Found a sparkling altar of Nemelex Xobeh.
  4649 | D:6      | Reached skill level 9 in Fighting
  5208 | D:7      | Found an ancient bone altar of Kikubaaqudgha.
  5259 | D:7      | Noticed a two-headed ogre
  5267 | D:7      | Killed a two-headed ogre
  5268 | D:7      | Reached skill level 10 in Fighting
  5268 | D:7      | Reached XP level 10. HP: 83/94 MP: 11/11
  5332 | D:7      | Reached skill level 1 in Maces & Flails
  5530 | D:7      | Found a burning altar of Makhleb.
  5647 | D:7      | Found a staircase to the Ecumenical Temple.
  5675 | Temple   | Entered the Ecumenical Temple
  6161 | D:8      | Reached skill level 5 in Maces & Flails
  6356 | D:8      | Noticed a cyan ugly thing
  6368 | D:8      | Killed a cyan ugly thing
  6934 | D:7      | Found a runed translucent door.
  6935 | D:7      | Noticed Crazy Yiuf
  6963 | D:7      | Found a hazy altar of Hepliaklqana.
  6996 | D:7      | Killed Crazy Yiuf
  7118 | D:8      | Found a staircase to the Lair.
  7206 | D:9      | Found a glowing silver altar of Zin.
  7210 | D:9      | Found a radiant altar of Vehumet.
  7211 | D:9      | Found an opulent altar of Gozag.
  7318 | D:9      | Noticed a two-headed ogre
  7343 | D:9      | Killed a two-headed ogre
  7403 | D:9      | Reached XP level 11. HP: 81/100 MP: 12/12
  7740 | D:9      | Found a staircase to the Orcish Mines.
  7777 | D:10     | Entered Level 10 of the Dungeon
  7783 | D:10     | Found a snail-covered altar of Cheibriados.
  7835 | D:9      | Became a worshipper of Gozag Ym Sagoz the Greedy
  7959 | D:10     | Reached skill level 10 in Maces & Flails
  8316 | D:10     | Found a basalt altar of Yredelemnul.
  8454 | Orc:1    | Entered Level 1 of the Orcish Mines
  8458 | Orc:1    | Noticed Urug
  8508 | Orc:1    | Noticed an orc knight
  8518 | D:9      | Killed Urug
  8705 | Orc:1    | Killed an orc knight
  8719 | Orc:2    | Entered Level 2 of the Orcish Mines
  8802 | Lair:1   | Entered Level 1 of the Lair of Beasts
  9201 | Lair:1   | Noticed a six-headed hydra
  9215 | Lair:1   | Killed a six-headed hydra
  9683 | Lair:1   | Noticed a six-headed hydra
  9689 | Lair:1   | Killed a six-headed hydra
  9690 | Lair:1   | Reached XP level 12. HP: 43/108 MP: 13/13
 10012 | Lair:2   | Found a blossoming altar of Fedhas.
 10331 | Lair:2   | Found a hole to the Spider Nest.
 10344 | Lair:2   | Noticed a five-headed hydra
 10349 | Lair:2   | Killed a five-headed hydra
 10692 | Lair:3   | Found a gate leading to a gauntlet.
 10714 | Lair:3   | Noticed a seven-headed hydra
 10856 | Gauntlet | Entered a Gauntlet
 10856 | Gauntlet | Found a transporter.
 10859 | Gauntlet | Found a transporter.
 10859 | Gauntlet | Noticed a green death
 10862 | Gauntlet | Found a transporter.
 10865 | Gauntlet | Found a transporter.
 10870 | Gauntlet | Noticed a death scarab
 10873 | Gauntlet | Found a transporter.
 10873 | Gauntlet | Found a transporter.
 10874 | Gauntlet | Noticed a death scarab
 10877 | Gauntlet | Found a transporter.
 10877 | Gauntlet | Found a transporter.
 10906 | Gauntlet | Found the +2 ratskin cloak {*Rats rPois rN+ Str-1 Int-1
                  | Dex+1}
 10942 | Gauntlet | Found a transporter.
 10944 | Gauntlet | Found a transporter.
 10947 | Gauntlet | Found a transporter.
 10962 | Gauntlet | Found a transporter.
 10990 | Gauntlet | Was forgiven by Sif Muna
 11084 | Gauntlet | Killed a death scarab
 11093 | Gauntlet | Killed a death scarab
 11111 | Gauntlet | Reached skill level 15 in Maces & Flails
 11197 | Gauntlet | Noticed a minotaur
 11211 | Gauntlet | Killed a minotaur
 11241 | Gauntlet | Got the Handbook of Ice
 11288 | Lair:3   | Reached skill level 1 in Staves
 11416 | Lair:3   | Killed a nine-headed hydra
 11986 | Lair:4   | Found a staircase to the Swamp.
 12015 | Lair:4   | Reached XP level 13. HP: 61/114 MP: 14/14
 12169 | Lair:4   | Reached skill level 5 in Staves
 13193 | Lair:5   | Found a runed translucent gate.
 13193 | Lair:5   | Found a runed translucent gate.
 13194 | Lair:5   | Found a runed translucent gate.
 13199 | Lair:5   | Noticed sasquatch's ghost (journeyman DgFE)
 13282 | Lair:4   | Identified the +8 hand axe "Hahi" {speed, rC+ rCorr}
 13365 | Lair:5   | Reached skill level 10 in Staves
 13473 | Lair:5   | Reached skill level 11 in Fighting
 13924 | Lair:6   | Entered Level 6 of the Lair of Beasts
 14026 | Lair:5   | Reached skill level 12 in Fighting
 14106 | Lair:5   | Reached XP level 14. HP: 114/127 MP: 15/15
 14259 | Lair:5   | Reached skill level 13 in Fighting
 14374 | Lair:6   | Noticed Snorg
 14382 | Lair:6   | Killed Snorg
 14532 | Lair:6   | Reached skill level 14 in Fighting
 15433 | Lair:6   | Reached skill level 15 in Fighting
 15756 | Lair:5   | Killed sasquatch's ghost
 17074 | D:12     | Noticed Fannar
 17201 | D:12     | Killed Fannar
 17297 | D:12     | Noticed Erolcha
 17305 | D:12     | Killed Erolcha
 17779 | Orc:1    | Reached XP level 15. HP: 141/141 MP: 16/16
 17822 | Orc:1    | Found Xyclar's Antique Weapon Shop.
 18188 | Orc:1    | Reached skill level 10 in Evocations
 18783 | Orc:2    | Found a staircase to the Elven Halls.
 18783 | Orc:2    | Noticed Blork the orc
 18823 | Orc:2    | Killed Blork the orc
 19014 | Orc:2    | Noticed an orc warlord
 19173 | Orc:2    | Killed an orc warlord
 19234 | Orc:2    | Found Xisyu's Antique Weapon Emporium.
 19258 | Orc:2    | Found Nucoc's Antique Armour Emporium.
 19271 | Orc:2    | Found Vanu Pisu's General Store.
 19334 | Orc:2    | Bought an embroidered cloak for 172 gold pieces
 19360 | Orc:2    | Found Konemumi's Book Emporium.
 19384 | Orc:2    | Bought a scroll of immolation for 63 gold pieces
 19384 | Orc:2    | Bought a scroll of identify for 36 gold pieces
 19384 | Orc:2    | Bought a potion of cancellation for 144 gold pieces
 19384 | Orc:2    | Bought a potion of curing for 54 gold pieces
 20218 | D:13     | Reached skill level 10 in Dodging
 20646 | D:13     | Found a runed translucent gate.
 20646 | D:13     | Noticed Ahonude's ghost (journeyman TrMo)
 20647 | D:13     | Found a runed translucent gate.
 20647 | D:13     | Found a runed translucent gate.
 20649 | D:13     | Found an iron altar of Okawaru.
 20849 | D:14     | Identified the +8 scimitar of Riky {drain, Str+2}
 20870 | D:14     | Noticed Agnes
 20889 | D:14     | Killed Agnes
 21014 | D:14     | Found a gate to the Vaults.
 21847 | D:15     | Entered Level 15 of the Dungeon
 22253 | D:15     | Found a broken altar of Ashenzari.
 22492 | D:15     | Reached XP level 16. HP: 94/149 MP: 17/17
 22511 | D:15     | Found a staircase to the Depths.
 22556 | D:15     | Identified the -2 pair of boots "Roqetuy" {Str+7 Int+10
                  | Slay-6}
 22804 | Swamp:1  | Entered Level 1 of the Swamp
 23176 | Swamp:1  | Noticed Kirke
 23191 | Swamp:1  | Killed Kirke
 24123 | Swamp:2  | You fall into a shaft and drop 1 floor!
 24167 | Swamp:3  | Noticed a tentacled monstrosity
 24177 | Swamp:3  | Killed a tentacled monstrosity
 24408 | Swamp:2  | Reached skill level 15 in Dodging
 25188 | Swamp:3  | Reached skill level 16 in Fighting
 25716 | Swamp:3  | Reached XP level 17. HP: 51/159 MP: 18/18
 25816 | Swamp:4  | Entered Level 4 of the Swamp
 25946 | Swamp:4  | Reached skill level 17 in Fighting
 26739 | Swamp:4  | Reached skill level 18 in Fighting
 27065 | Swamp:4  | Got a decaying rune of Zot
 27075 | Swamp:4  | Identified the +0 pair of gloves of Patterns {+Inv rCorr
                  | Dex+4}
 27519 | Lair:6   | Identified a scroll of acquirement
 27519 | Lair:6   | Acquired 891 gold pieces
 27661 | Spider:1 | Entered Level 1 of the Spider Nest
 27716 | Spider:1 | Noticed Frances
 27744 | Spider:1 | HP: 7/166 [Frances/iron shot (38)]
 27746 | Spider:1 | HP: 1/166 [meliai/divine providence (15)]
 27746 | Spider:1 | Mangled by a redback

Illustrated notes

Levels and vault maps discovered:
D:1:      matt_arrival_grand_opening, layout_loops_ring,
          hellmonk_ecumenical_altar_arch_garden
D:2:      layout_loops_ring, basic_altar
D:3:      layout_basic, general_overflow_altar, portal_sewer_entry_e,
          serial_bayou_lake_a, uniq_terence, uniq_sigmund
D:4:      layout_basic, mainiacjoe_overflow_catwalk, uniq_menkaure, uniq_robin,
          uniq_eustachio
D:5:      layout_cave_pools, grunt_qazlal_sundering, minmay_ruined_shrine,
          uniq_prince_ribbit1
D:6:      minmay_polygon_palace, layout_basic, nicolae_elyvilon_peaceful_grove,
          lemuel_tele_altar, uniq_grinder, uniq_duvessa
D:7:      minmay_general_purpose_star, layout_loops_ring,
          worldfamousw_hep_ancestral_shrine,
          mainiacjoe_overflow_six_doors_small, mainiacjoe_overflow_24_doors,
          minmay_temple_entry_antechambers, serial_glass, glass_columns_c,
          glass_columns_c, uniq_crazy_yiuf_cottage
D:8:      cheibrodos_helix_gallery, layout_loops_ring, lair_entry_dummy,
          kennysheep_generic_room_8
D:9:      layout_cave_pools, grunt_temple_overflow_open, orc_0_dummy,
          chequers_garden
D:10:     layout_basic, yredelemnul_altar_generic, kennysheep_slug_shrine
D:11:     layout_roguey
D:12:     layout_irregular_city, uniq_erolcha, uniq_fannar
D:13:     layout_roguey, gammafunk_ghost_fury_of_okawaru, kennysheep_dice
D:14:     layout_roguey, lightli_vaults_fourway_checkpoint, uniq_agnes
D:15:     hangedman_depths_entry_try_elsewhere_first, layout_basic,
          nicolae_ashenzari_skybound
Temple:   nicolae_temple_figure_zero
Lair:1:   cheibrodos_lair_river_kwai, layout_chaotic_city, minmay_hedge_maze,
          st_stairs_13, nicolae_lair_grove_arrangements,
          chequers_serial_rivers_micro_d, minivault_23, lemuel_fruit_fields
Lair:2:   layout_chaotic_city, spider_nest_entry_web_field, tgw_fedhas
Lair:3:   layout_roguey, gauntlet_entry_generic, minmay_lair_oklob_chamber,
          grunt_megastairs_3, lemuel_fruit_fields
Lair:4:   layout_small_grid, minmay_swamp_entry_worms, serial_bayou_shore_a
Lair:5:   layout_regular_city, gammafunk_ghost_hydra_chop, grunt_megastairs_2
Lair:6:   gammafunk_lair_ancient_temple, layout_cave_pods,
          minmay_slime_entry_oklob_enclosed, uniq_snorg
Swamp:1:  layout_basic_swamp, nicolae_swamp_feature_on_the_river_bank,
          uniq_kirke
Swamp:2:  nicolae_swamp_decorative_isthmus, layout_basic_swamp,
          nicolae_swamp_some_circles, swamp_pool1, nicolae_swamp_oxbows
Swamp:3:  nicolae_swamp_flooded_prison, layout_basic_swamp,
          nicolae_swamp_triple_paths, infiniplex_staircase_pool
Swamp:4:  swamp_alternative, layout_basic_swamp
Spider:1: layout_spider_delve, special_room [special_room_bee],
          nicolae_spider_webbed_stairs, uniq_frances
Orc:1:    layout_caves, serial_shops, shop, basic_altar, nooodl_orcs_dogs,
          uniq_urug
Orc:2:    grunt_orc_cross, layout_caves, kennysheep_orc_chapel

Skill      XL: |  1  2  3  4  5  6  7  8  9 10 11 12 13 14 15 16 17 |
---------------+----------------------------------------------------+-----
Throwing       | 2 3 |  3.0
Fighting       | 3 7 8 10 12 15 16 18 | 18.8
Evocations     | 3 4 6 9 10 | 10.0
Dodging        | 6 8 12 15 | 15.0
Maces & Flails | 8 13 15 | 15.3
Staves         | 4 10 | 10.3
Spellcasting   | |  1.0
Hexes          | |  2.6

Action                   |  1- 3 |  4- 6 |  7- 9 | 10-12 | 13-15 | 16-18 || total
-------------------------+-------+-------+-------+-------+-------+-------++-------
Melee: Mace              |    23 |       |       |       |       |       ||    23
       Dagger            |   126 |   248 |   476 |       |       |       ||   850
       Tailslap          |    12 |    25 |    64 |   125 |   322 |   173 ||   721
       Morningstar       |       |       |       |   578 |       |       ||   578
       Lajatang          |       |       |       |    82 |  1537 |   917 ||  2536
Throw: Javelin           |       |     2 |     2 |       |       |       ||     4
       Dart              |       |       |     3 |     4 |       |       ||     7
       Throwing net      |       |       |       |       |     2 |       ||     2
Invok: Renounce Religion |       |       |     1 |       |       |       ||     1
       Potion Petition   |       |       |       |     3 |       |     6 ||     9
 Abil: Breathe Fire      |       |       |    19 |    42 |    18 |    19 ||    98
Evoke: Wand              |       |       |       |     6 |     6 |     7 ||    19
       Tin of tremorston |       |       |       |       |     5 |     4 ||     9
  Use: Scroll            |       |       |       |       |       |    35 ||    35
       Potion            |       |       |       |       |       |     1 ||     1
 Stab: Sleeping          |     1 |       |     2 |     1 |     1 |     1 ||     6
       Distracted        |       |       |       |     1 |    14 |     6 ||    21
       Held in net/web   |       |       |       |       |     3 |       ||     3
       Confused          |       |       |       |       |       |     3 ||     3
Armor: Skin              |    68 |   133 |   134 |   231 |   473 |   364 ||  1403
Dodge: Dodged            |   107 |   259 |   376 |   581 |   930 |   969 ||  3222
Block: Buckler           |       |       |       |   103 |       |       ||   103
